 Dungeon Crawl Stone Soup version 0.30.1-11-g7821555f0a (webtiles) character file.

Game seed: 9583385528741360814

114 Jerry the Cudgeller (level 4, -1/44 HPs)
             Began as a Troll Gladiator on Dec 8, 2023.
             Killed by divine providence
             ... invoked by an orc priest
              (11 damage)
             ... on level 3 of the Dungeon.
             The game lasted 00:05:41 (2127 turns).

Jerry the Cudgeller (Troll Gladiator)               Turns: 2127, Time: 00:05:42

Health: -1/44      AC:  4    Str: 22    XL:     4   Next: 67%
Magic:  3/3        EV: 10    Int:  6    God:
Gold:   123        SH:  0    Dex: 11    Spells: 3/3 levels left

rFire   . . .        t - +3 mace
rCold   . . .        j - orb {light}
rNeg    . . .        b - +0 robe
rPois   .            c - +0 hat
rElec   .            (no cloak)
rCorr   .            (gloves unavailable)
SInv    .            (boots unavailable)
Will    .....        (no amulet)
Stlth   +            (no ring)
HPRegen 1.07/turn    (no ring)
MPRegen 0.08/turn

%: no passive effects
@: glowing
A: large, unfitting armour, claws 3, regeneration 1, shaggy fur 1, tough skin 1
a: no special abilities


You were on level 3 of the Dungeon.
You visited 1 branch of the dungeon, and saw 3 of its levels.

You collected 123 gold pieces.

Inventory:

Hand Weapons
 a - a +0 flail
 t - a +3 mace (weapon)
Missiles
 d - 3 throwing nets (quivered)
 e - a large rock
Armour
 b - a +0 robe (worn)
 c - a +0 hat (worn)
 j - an orb of light (worn)
Wands
 o - a wand of paralysis (19)
Scrolls
 i - a scroll of teleportation {unknown}
 l - a scroll of enchant armour {unknown}
 p - a scroll of blinking {unknown}
Potions
 f - a potion of lignification {unknown}
 g - 2 potions of heal wounds {unknown}
 h - 3 potions of resistance {unknown}
 k - 2 potions of mutation {unknown}
 m - a potion of berserk rage {unknown}
 n - a potion of degeneration {unknown}
 q - 3 potions of attraction {unknown}
 r - a potion of curing {unknown}
 s - a potion of magic {unknown}
 u - a potion of ambrosia {unknown}


   Skills:
 + Level 2.4 Fighting
 + Level 3.4 Maces & Flails
 + Level 2.7 Throwing
 + Level 3.0 Dodging


You had 3 spell levels left.
You didn't know any spells.
Your spell library contained the following spells:

 Spells                   Type           Power      Damage    Failure   Level
 Sandblast                Erth           0%         2d4       45%         1
 Passwall                 Tmut/Erth      0%         N/A       58%         2
 Stone Arrow              Conj/Erth      0%         3d7       83%         3


Dungeon Overview and Level Annotations

Branches:
Dungeon (3/15)

Altars:


Innate Abilities, Weirdness & Mutations

You are too large for most types of armour.
You have claws for hands.
Your natural rate of healing is unusually fast.
You are covered in fur. (AC +1)
You have tough skin. (AC +1)


Message History

The hobgoblin shouts!
You hear a shout! x2 2 orcs and 2 orc priests come into view.
The orc shouts!
The orc priest shouts!
The orc shouts!
The orc priest shouts!
The hobgoblin hits you.
You sock the hobgoblin!
You kill the hobgoblin!
A kobold comes into view.
It is wielding a +0 short sword and quivering poisoned darts.
The kobold shouts!
The orc priest mumbles some strange prayers to Beogh against you.
Pain shoots through your body!
The orc priest hits you but does no damage.
You sock the orc priest!
The orc priest is severely wounded.
The orc priest mumbles some strange prayers to Beogh against you.
Pain shoots through your body!
You are too injured to fight recklessly!
You are too injured to fight recklessly!
You are too injured to fight recklessly!
Sorry, you're not good enough to have a special ability.
Okay, then.
The orc attacks as you move away! The orc hits you with a +0 war axe!
The orc priest invokes the aid of Beogh against you.
Beogh smites you!
* * * LOW HITPOINT WARNING * * *
The orc attacks as you move away! The orc hits you with a +0 war axe.
* * * LOW HITPOINT WARNING * * *
The orc priest invokes the aid of Beogh against you.
You barely resist. The orc attacks as you move away! The orc barely misses you.
The orc priest calls down the wrath of Beogh upon you.
Beogh smites you!
* * * LOW HITPOINT WARNING * * *
Things that are here:
a +0 club; 2 stones; a kobold corpse
Things that are here:
a +0 falchion; an orc corpse The orc attacks as you move away!
The orc hits you but does no damage.
The orc priest calls down the wrath of Beogh upon you.
Beogh smites you!
You die...

..##.......o!.#######
.....#..###.##
.....#K.# ### # #.#.o#
#..o.# ###o## ### #.#
#.. #######o########.#
.........o)o@.##.#
##.####.#####.##)#####
##...## #.).)>...#
#.....# ####.###.#
##...## #.###.##.#
##.## #........# #.#
####.##### #.# #.#
##'## #.#


You could see an orc priest and 2 orcs.

Vanquished Creatures
  An orc wizard (D:3)
  2 adders
  A dart slug (D:1)
  5 orcs (D:3)
  9 ball pythons
  4 endoplasms
  A giant cockroach (D:1)
  6 hobgoblins
  3 jackals (D:1)
  7 kobolds
  5 quokkas
  3 bats
  A frilled lizard (D:3)
  3 goblins (D:1)
  6 rats
57 creatures vanquished.

Notes
Turn   | Place    | Note
-------+----------+-------------------------------------------
     0 | D:1      | Jerry the Troll Gladiator began the quest for the Orb.
     0 | D:1      | Reached XP level 1. HP: 19/19 MP: 0/0
   108 | D:1      | Found a faded altar of an unknown god.
   164 | D:1      | Reached XP level 2. HP: 22/28 MP: 1/1
   492 | D:1      | Reached XP level 3. HP: 31/35 MP: 2/2
  1996 | D:3      | Reached XP level 4. HP: 42/42 MP: 3/3
  2127 | D:3      | Killed from afar by an orc priest

Illustrated notes

Levels and vault maps discovered:
D:1:      shiori_arrival_elements, layout_loops_ring, serial_forest,
          infiniplex_forest_join, infiniplex_forest_lined_room_2,
          infiniplex_forest_lined_3, infiniplex_forest_lined_1,
          infiniplex_forest_lined_2, infiniplex_forest_lined_2,
          infiniplex_forest_lined_corner, infiniplex_forest_clump_curved,
          hellmonk_ecumenical_altar_slurped_away
D:2:      layout_loops_corners
D:3:      layout_loops_corners, hangedman_decor_growths

Skill      XL: |  1  2  3  4 |
---------------+-------------+-----
Throwing       | 2 |  2.7
Fighting       | 2 |  2.4
Maces & Flails | 3 |  3.4
Dodging        | 3 |  3.0

Action                     |  1- 3 |  4- 6 || total
---------------------------+-------+-------++-------
  Melee: Flail             |   116 |       ||   116
         Mace              |     6 |    20 ||    26
 Armour: Robe              |    48 |     7 ||    55
  Dodge: Dodged            |    90 |    10 ||   100
